 Dungeon Crawl Stone Soup version 0.31-a0-246-g8cbcc1cb85 (webtiles) character file.

Game seed: 3832928233072898853

66 qw the Shooter (level 3, 0/30 HPs)
             Began as a Minotaur Hexslinger on July 12, 2023.
             Slain by a gnoll
             ... wielding a +0 spear
              (6 damage)
             ... on level 3 of the Dungeon.
             The game lasted 00:00:31 (1554 turns).

qw the Shooter (Minotaur Hexslinger)                Turns: 1554, Time: 00:00:31

Health: 0/30       AC:  2    Str: 12    XL:     3   Next: 96%
Magic:  3/3        EV: 12    Int: 10    God:
Gold:   128        SH:  0    Dex: 14    Spells: 3/4 levels left

rFire   . . .        Y - +0 shortbow
rCold   . . .        (shield currently unavailable)
rNeg    . . .        c - +0 robe
rPois   .            (helmet restricted)
rElec   .            (no cloak)
rCorr   .            (no gloves)
SInv    .            (no boots)
Will    +....        (no amulet)
Stlth   +            (no ring)
HPRegen 0.25/turn    (no ring)
MPRegen 0.08/turn

%: no passive effects
@: about to teleport, enlightened, flying
A: horns 2, retaliatory headbutt
a: no special abilities


You were on level 3 of the Dungeon.
You visited 1 branch of the dungeon, and saw 3 of its levels.

You collected 128 gold pieces.


Innate Abilities, Weirdness & Mutations

You have a pair of horns on your head.
You reflexively headbutt those who attack you in melee.


   Skills:
 - Level 2.4 Fighting
 + Level 4.3 Ranged Weapons
 - Level 2.1 Dodging
 - Level 1.0 Spellcasting
 - Level 2.0 Hexes


You had 3 spell levels left.
You knew the following spells:

 Your Spells              Type           Power      Damage    Failure   Level
a - Slow                  Hex            16%        N/A       16%         1

Your spell library contained the following spells:

 Spells                   Type           Power      Damage    Failure   Level
 Inner Flame              Hex/Fire       2%         N/A       56%         3
 Portal Projectile        Hex/Tloc       4%         N/A       56%         3
 Cause Fear               Hex            2%         N/A       83%         4

Inventory:

Hand Weapons
 Y - a +0 shortbow (weapon)
Armour
 c - a +0 robe (worn)
Scrolls
 f - a scroll of identify
Potions
 b - a potion of haste
 d - a potion of might
 h - a potion of enlightenment

Dungeon Overview and Level Annotations

Branches:
Dungeon (3/15)

Altars:

Shops:
D:1 (


Message History

Really abort (and waste the scroll)?
Done exploring.
1527 ||| DRINKING 2 fuming inky potions.
It was a potion of enlightenment.
You feel very buoyant.
You fly up into the air.
Done exploring.
1528 ||| READING 2 scrolls of identify.
As you read the scroll of identify, it crumbles to dust.
d - a potion of might;
1528 ||| IDENTIFYING cyan potion Done exploring.
(D) Dungeon
Where to? (* - list waypoints, Enter - D:2, ? - help)
What level of the Dungeon? (default 1, ? - help)
There is a stone staircase leading down here.
You fly downwards.
There is a stone staircase leading up here.
Waypoint 2 assigned to D:3. 2 gnolls come into view.
The gnoll shouts!
You hear a shout!
A gnoll comes into view. It is wielding a +0 flail.
A gnoll comes into view. It is wielding a +0 club.
You shoot an arrow. The arrow hits the gnoll.
The gnoll is moderately wounded.
You shoot an arrow. The arrow hits the gnoll.
The gnoll is heavily wounded.
The gnoll hits you with a +0 club.
The gnoll hits you from afar with a +0 spear!
You shoot an arrow. The arrow hits the gnoll.
The gnoll is almost dead.
The gnoll hits you with a +0 club. The gnoll hits you but does no damage.
You shoot an arrow. The arrow barely misses the gnoll.
The gnoll hits you from afar with a +0 spear.
The gnoll hits you but does no damage.
1554 ||| READING scroll of teleportation.
As you read the scroll of teleportation, it crumbles to dust.
You feel strangely unstable. The gnoll hits you with a +0 club.
The gnoll hits you from afar with a +0 spear.
You die...

#.# #.#
## #.#
.###
####.#
.....
....##...
##.....
#....###
#..@g.#
##<##g#
#.# g.
#.# .#
#+# .. #.


You could see 3 gnolls.

Vanquished Creatures
  3 adders (D:2)
  A worm (D:2)
  An orc (D:2)
  A bat (D:2)
  An endoplasm (D:2)
  A giant cockroach (D:1)
  3 goblins
  3 hobgoblins
  6 jackals
  A quokka (D:2)
  2 ball pythons
  2 frilled lizards (D:2)
  5 kobolds
  4 rats
34 creatures vanquished.

Notes
Turn   | Place    | Note
-------+----------+-------------------------------------------
     0 | D:1      | qw the Minotaur Hexslinger began the quest for the Orb.
     0 | D:1      | Reached XP level 1. HP: 16/16 MP: 1/1
     0 | D:1      | 0 ||| qw: Version: 0.3-a-52-g30416fa
     0 | D:1      | 0 ||| qw: Game counter: 6447
     0 | D:1      | 0 ||| qw: Melee chars always use a shield: true
     0 | D:1      | 0 ||| qw: God list: Okawaru
     0 | D:1      | 0 ||| qw: Allow faded altars: false
     0 | D:1      | 0 ||| qw: Do Orc after clearing Dungeon:15 true
     0 | D:1      | 0 ||| qw: Do second Lair branch before Depths: true
     0 | D:1      | 0 ||| qw: Lair rune preference: random
     0 | D:1      | 0 ||| qw: Goals: Normal
     0 | D:1      | 0 ||| PLANNING D:1-11
    28 | D:1      | Found Woug's Antique Weapon Boutique.
   425 | D:1      | Found a faded altar of an unknown god.
   610 | D:1      | Reached skill level 3 in Ranged Weapons
   612 | D:1      | Reached XP level 2. HP: 18/23 MP: 2/2
   730 | D:1      | 730 ||| READING 2 scrolls labelled HALOTIUCLOA.
   733 | D:1      | 733 ||| READING scroll labelled CINEIGOKUN.
   734 | D:1      | 734 ||| READING scroll labelled XAAF XITZUYNG.
   735 | D:1      | 735 ||| READING scroll labelled BAWAFY TEQIORPH.
   736 | D:1      | 736 ||| READING scroll labelled VAUVOWOSTRO.
   737 | D:1      | 737 ||| DRINKING 2 golden potions.
   738 | D:1      | 738 ||| DROPPING scroll of poison.
   739 | D:1      | 739 ||| DROPPING potion of magic.
   852 | D:2      | Reached XP level 3. HP: 30/30 MP: 3/3
  1042 | D:2      | 1042 ||| SWAPPING to +0 shortbow.
  1043 | D:2      | 1043 ||| DROPPING +2 sling.
  1293 | D:2      | Reached skill level 4 in Ranged Weapons
  1525 | D:2      | 1525 ||| DROPPING ring of flight.
  1526 | D:2      | 1526 ||| READING 3 scrolls labelled LOKKOESIFA.
  1527 | D:2      | 1527 ||| DRINKING 2 fuming inky potions.
  1528 | D:2      | 1528 ||| READING 2 scrolls of identify.
  1528 | D:2      | 1528 ||| IDENTIFYING cyan potion
  1553 | D:3      | HP: 7/30 [gnoll/+0 spear (3)]
  1554 | D:3      | 1554 ||| READING scroll of teleportation.
  1554 | D:3      | Slain by a gnoll

Levels and vault maps discovered:
D:1:      giann_forest_graveyard, layout_basic,
          shapermc_ecumenical_altar_acropolis, serial_shops, shop,
          minmay_tromino_v2
D:2:      layout_basic
D:3:      layout_loops_corners

Skill      XL: |  1  2  3 |
---------------+----------+-----
Ranged Weapons | 3 4 |  4.3
Fighting       | 2 |  2.4
Dodging        | |  2.1
Spellcasting   | |  1.0
Hexes          | |  2.0

Action                     || total
---------------------------++-------
   Fire: Sling             ||    74
         Shortbow          ||    32
    Use: Scroll            ||     8
         Potion            ||     2
 Armour: Robe              ||     9
  Dodge: Dodged            ||    28

Table legend:
 A = Non-vault XP
 B = Vault XP
 C = Vault XP percentage of total XP
 D = Non-vault monster count
 E = Vault monster count
 F = Vault count percentage of total count
                 A         B        C        D         E       F
            +---------+---------+-------+---------+---------+-------
      Total |      93 |       2 |   2.1 |      32 |       2 |   5.9
            +---------+---------+-------+---------+---------+-------
        D:1 |      15 |       2 |  11.8 |       8 |       2 |  20.0
        D:2 |      78 |       0 |   0.0 |      24 |       0 |   0.0
            +---------+---------+-------+---------+---------+-------
